 Dungeon Crawl Stone Soup version 0.27.0-1-g7a089689b8 (webtiles) character file.

Game seed: 11849152451018287111

115325 robertstho the Severer (level 16, -19/149 HPs)
             Began as a Pale Draconian Berserker on Aug 6, 2021.
             Was a High Priest of Trog.
             Killed by an exploding unseen horror (30 damage)
             ... ignited by their inner flame
             ... on level 3 of the Abyss on Aug 9, 2021.
             The game lasted 00:38:58 (22896 turns).

robertstho the Severer (Pale Draconian Berserker)  Turns: 22896, Time: 00:38:58

Health: -19/149    AC: 17    Str: 26    XL:     16   Next: 18%
Magic:  2/2        EV: 20    Int:  3    God:    Trog [*****.]
Gold:   1482       SH:  0    Dex: 12    Spells: 15/15 levels left

rFire    . . .     SeeInvis +   J - +6 executioner's axe "Saiduid" {antimagic, rElec rN+ Int-4}
rCold    . . .     Faith    .   (shield currently unavailable)
rNeg     + . .     Spirit   .   (armour unavailable)
rPois    +         Reflect  .   F - +2 hat
rElec    +         Harm     .   s - +0 cloak
rCorr    .         Rampage  .   T - +2 pair of gloves {Stlth+}
Will     +++..                  k - +1 pair of boots
Stlth    +++++.....             u - amulet of Nodweseu {+Inv rElec rPois Regen+ MP-9}
HPRegen  1.00/turn              y - +4 ring of evasion
MPRegen  0.08/turn              x - ring of see invisible

@: strong-willed, regenerating, mildly diseased
A: breathe steam, AC +9, unfitting armour, cold-blooded, steam resistance
a: Breathe Steam, Renounce Religion, Evoke Invisibility, Berserk, Trog's Hand,
Brothers in Arms


You were on level 3 of the Abyss.
You worshipped Trog.
Trog was extremely pleased with you.
You visited 3 branches of the dungeon, and saw 22 of its levels.
You visited the Abyss 2 times.

You collected 2342 gold pieces.
You spent 860 gold pieces at shops.

Inventory:

Hand Weapons
 J - the +6 executioner's axe "Saiduid" (weapon) {antimagic, rElec rN+ Int-4}
   (Trog gifted it to you on level 1 of the Lair of Beasts)

   It reduces the magical energy of the wielder, and disrupts the spells and
   magical abilities of those it strikes.
   Natural abilities and divine invocations are not affected.
   Int:       It affects your intelligence (-4).
   rElec:     It insulates you from electricity.
   rN:        It protects you from negative energy.
 M - a +4 executioner's axe of flaming
 R - a +0 broad axe
Armour
 k - a +1 pair of boots (worn)
 s - a +0 cloak (worn)
 F - a +2 hat (worn)
 T - a +2 pair of gloves of stealth (worn)
 V - the +3 warlock's mirror {reflect}
   (You found it on level 14 of the Dungeon)

   It can block and reflect piercing ranged attacks and magical attacks against
   the wielder's willpower.
Jewellery
 e - the ring "Beawnurgh" {Wiz Fly Str+4 Dex+2}
   (You found it on level 2 of the Orcish Mines)

   [ring of wizardry]

   It improves your spell success rate.
   Str:       It affects your strength (+4).
   Dex:       It affects your dexterity (+2).
   Fly:       It grants you flight.
 o - the amulet of Iqycvargh {rF+ Regen+ Int+4}
   (You acquired it on level 6 of the Dungeon)

   [amulet of regeneration]

   Int:       It affects your intelligence (+4).
   rF:        It protects you from fire.
   Regen:     It increases your rate of health regeneration.
 p - a ring of positive energy
 t - a +4 ring of evasion
 u - the amulet of Nodweseu (around neck) {+Inv rElec rPois Regen+ MP-9}
   (You found it on level 2 of the Orcish Mines)

   [amulet of regeneration]

   rElec:     It insulates you from electricity.
   rPois:     It protects you from poison.
   MP:        It affects your magic capacity (-9).
   +Inv:      It lets you turn invisible.
   Regen:     It increases your rate of health regeneration.
 x - a ring of see invisible (right hand)
 y - a +4 ring of evasion (left hand)
 H - a ring of fire
 L - a ring of willpower
 U - the ring of Joank {Fire *Slow rN++}
   (You found it on level 5 of the Lair of Beasts)

   [ring of fire]

   It enhances your fire magic.
   rF:        It protects you from fire.
   rC:        It makes you vulnerable to cold.
   rN:        It greatly protects you from negative energy.
   *Slow:     It may slow you when you take damage.
 X - a ring of resist corrosion
 Z - the ring "Xebbiq" {rPois rC+ Str+3}
   (You bought it in a shop on level 2 of the Orcish Mines)

   [ring of poison resistance]

   Str:       It affects your strength (+3).
   rC:        It protects you from cold.
   rPois:     It protects you from poison.
Wands
 a - a wand of iceblast (35)
 d - a wand of digging (2)
 P - a wand of mindburst (13)
 Q - a wand of acid (5)
 S - a wand of polymorph (7)
Scrolls
 b - a scroll of magic mapping
 c - 10 scrolls of teleportation
 g - a scroll of immolation
 h - a scroll of brand weapon {unknown}
 j - a scroll of enchant weapon
 A - 2 scrolls of silence {unknown}
 N - 2 scrolls of vulnerability {unknown}
 O - a scroll of fear
 W - a scroll of fog
Potions
 f - a potion of ambrosia
 i - 5 potions of curing
 l - a potion of cancellation
 n - 7 potions of haste {unknown}
 q - 4 potions of magic {unknown}
 r - 3 potions of degeneration {unknown}
 B - 6 potions of flight
 C - a potion of attraction {unknown}
 D - 2 potions of invisibility
 E - 2 potions of might {unknown}
 G - 3 potions of heal wounds
 I - 2 potions of resistance
 K - 2 potions of lignification {unknown}
 Y - a potion of mutation {unknown}
Miscellaneous
 m - a lightning rod (4/4)
 z - a phantom mirror


   Skills:
 + Level 15.1 Fighting
 + Level 20.3 Axes
 + Level 11.1 Dodging
 + Level 8.1 Stealth
 + Level 1.3 Evocations


You had 15 spell levels left.
You didn't know any spells.
Your spell library was empty.

Dungeon Overview and Level Annotations

Branches:
Dungeon (14/15)            Temple (0/1) D:7            Lair (6/6) D:10
  Swamp (0/4) Lair:3        Snake (0/4) Lair:3        Slime (0/5) Lair:6
    Orc (2/2) D:9             Elf (0/3) Orc:2        Vaults (0/5) D:13

Altars:
Ashenzari
Dithmenos
Hepliaklqana
Kikubaaqudgha
Nemelex Xobeh
Ru
Vehumet
Xom
Zin
Beogh

Shops:
D:2 *   D:3 =   D:6 !(   Orc:2 ::(*(

Annotations:
D:3 2 transporters, shummie's ghost, amateur GrFi
D:5 2 transporters, avis's ghost, novice DrTm
D:10 Erolcha
Lair:6 exclusion: obsidian statue


Innate Abilities, Weirdness & Mutations

You can breathe blasts of scalding, opaque steam.
Your pale cyan-grey scales are hard. (AC +9)
You cannot fit into any form of body armour.
You are cold-blooded and may be slowed by cold attacks.
You are immune to the effects of steam.


Message History

The unseen horror explodes!
The fiery explosion engulfs your troll!!
Flame seeps out of your troll.
Your troll is almost dead.
The fiery explosion engulfs you!!
The fiery explosion engulfs the unseen horror!!
Flame seeps out of the unseen horror.
The unseen horror is almost dead.
Your troll disappears in a puff of smoke!
You hear a shout!
You hear a roar!
As you read the scroll labelled RUPNUE VULEKAE, it crumbles to dust.
It is a scroll of enchant weapon.
Your +3 executioner's axe of flaming glows red for a moment.
You are engulfed in blazing flames.
* * * LOW HITPOINT WARNING * * *
The unseen horror is engulfed in blazing flames.
Trog accepts your kill.
The unseen horror explodes!
The fiery explosion engulfs the unseen horror!!
Trog accepts your kill. The fiery explosion engulfs you!!
* * * LOW HITPOINT WARNING * * *
The fiery explosion engulfs the thrashing horror!
The thrashing horror resists.
Flame seeps out of the thrashing horror.
The thrashing horror is moderately damaged.
The unseen horror explodes!
The fiery explosion engulfs the thrashing horror!!
The thrashing horror resists.
Flame seeps out of the thrashing horror.
The thrashing horror is heavily damaged.
The fiery explosion engulfs the unseen horror!
Flame seeps out of the unseen horror.
The unseen horror is severely wounded.
The fiery explosion engulfs the thrashing horror!!
The thrashing horror resists.
Flame seeps out of the thrashing horror.
The thrashing horror is severely damaged.
The fiery explosion engulfs you!!
You die...

# .#..#..... # ...
# #
.#.##..#####..#._
####....#†#.#.#...#
#...#..#†......#...
. .=##.#.........#
.. .. # ##.......##
# .###...§.§...#
##..§§§..##
.#..x○@§§.#
##.#x§X#.##
###Xxx### . #
(*)XX## .


[))[x[$ #)[[φ[[(# #(/(?[)?# .##[φ?/$##. You could see 4 thrashing horrors, 5
unseen horrors and a lurking horror (inner flame).

Vanquished Creatures
  Jorgrun (Orc:1)
  3 tentacled starspawn
  Gastronok (Orc:1)
  3 dire elephants (Lair:6)
  The ghost of Voleoc the Protected, a journeyman GrFi of Okawaru (Orc:2)
  2 crystal guardians (Abyss:3)
  The ghost of Serogusm the Archer, a journeyman CeAM of Okawaru (Lair:5)
  Josephine (D:14)
  Harold (D:9)
  2 great orbs of eyes (shapeshifter) (Abyss:3)
  2 boulder beetles
  3 vault guards (D:13)
  6 hydras
  5 centaur warriors
  6 two-headed ogres
  7 death yaks
  Urug (D:11)
  3 orc high priests (Orc:2)
  A spectral death yak (Lair:6)
  The ghost of freelancePsychic the Magician, a novice DjWz (D:9)
  A spectral anaconda (Lair:6)
  8 wizards (D:14)
  4 necromancers (Lair:6)
  A deep elf pyromancer (D:13)
  2 orc sorcerers (Orc:2)
  5 orc knights
  11 ugly things
  3 oklob plants (Lair:6)
  2 wolf spiders (Lair:3)
  2 cyclopes
  2 moths of wrath (Orc:2)
  22 elephants
  3 manticores
  7 black mambas
  2 torpor snails
  2 guardian serpents (shapeshifter) (Abyss:3)
  A smoke demon (Abyss:3)
  10 cane toads
  2 gargoyles
  A dire elephant skeleton (Lair:6)
  A freezing wraith (Abyss:3)
  4 rime drakes
  3 unseen horrors
  An efreet (D:14)
  11 komodo dragons
  4 tengu conjurers (D:12)
  An ancient zyme (Abyss:3)
  5 trolls
  2 hornets
  A spectral elephant (Lair:6)
  Grinder (D:6)
  A slime creature (shapeshifter) (Abyss:3)
  27 blink frogs
  7 slime creatures (D:12)
  A centaur simulacrum (D:14)
  2 large abominations (Abyss:3)
  8 wraiths
  2 ynoxinuls
  A shadow (D:9)
  35 yaks
  8 wyverns
  Eustachio (D:4)
  6 basilisks
  2 steam dragons
  A death yak simulacrum (Lair:6)
  10 vampire mosquitoes
  A chaos spawn (Abyss:3)
  4 nagas (Lair:3)
  11 wargs
  An acid dragon (D:10)
  2 hydra simulacra (Lair:5)
  2 small abominations (Abyss:3)
  15 water moccasins
  Purgy (D:4)
  29 orc warriors
  2 sky beasts
  2 black bears (D:4)
  10 ogres
  2 elephant zombies (Lair:6)
  4 necrophages
  9 wolves
  A black mamba simulacrum (Lair:5)
  9 centaurs
  A phantom (D:5)
  Blork the orc (D:6)
  A kobold brigand (D:7)
  13 bullfrogs
  A gnoll sergeant (D:11)
  2 wyvern zombies (D:8)
  2 scorpions
  3 water moccasin zombies
  A blink frog simulacrum (Lair:5)
  A dream sheep simulacrum (Lair:5)
  6 wights
  8 howler monkeys
  A torpor snail simulacrum (Lair:5)
  5 centaur zombies
  3 bullfrog zombies (D:6)
  A human zombie (D:6)
  2 hounds (D:5)
  2 jellies
  15 orc priests
  A quasit (Abyss:3)
  Crazy Yiuf (D:4)
  4 iguanas
  A bullfrog skeleton (D:3)
  A centaur skeleton (D:5)
  25 orc wizards
  3 killer bee zombies
  A hound skeleton (D:5)
  A howler monkey zombie (D:5)
  9 gnolls
  13 adders
  2 white imps
  2 ufetubi
  A dart slug (D:4)
  73 orcs
  4 bats
  An endoplasm (D:3)
  A giant cockroach (D:3)
  7 goblins
  A quokka (D:5)
  5 ball pythons
  6 frilled lizards
  12 kobolds
  4 rats
  A starspawn tentacle (Abyss:3)
642 creatures vanquished.

Vanquished Creatures (collateral kills)
  Rupert (D:13)
  A tentacled starspawn (Abyss:3)
  A vault guard (D:13)
  An orc high priest (Orc:2)
  A large abomination (Abyss:2)
  2 orc knights (Orc:2)
  2 orc sorcerers (Orc:2)
  An unseen horror (Abyss:3)
  A basilisk (D:13)
  An orc warrior (Orc:2)
  A small abomination (Abyss:3)
  An orc priest (Orc:2)
14 creatures vanquished.

Vanquished Creatures (others)
  An unseen horror (D:13)
  An orc warrior (Orc:2)
  24 fungi
  A lurking horror (Abyss:3)
  67 plants
  13 starspawn tentacles
  5 toadstools (D:10)
  17 withered plants (Lair:6)
129 creatures vanquished.

Grand Total: 785 creatures vanquished

Notes
Turn   | Place    | Note
-------+----------+-------------------------------------------
     0 | D:1      | robertstho the Draconian Berserker began the quest for the
                  | Orb.
     0 | D:1      | Reached XP level 1. HP: 19/19 MP: 1/1
   572 | D:1      | Found a faded altar of an unknown god.
  1274 | D:2      | Reached XP level 2. HP: 25/26 MP: 2/2
  1419 | D:2      | Found Guabaobb's General Store.
  1438 | D:2      | Bought a potion of invisibility for 88 gold pieces
  1567 | D:2      | Noticed an ogre
  1573 | D:2      | Killed an ogre
  1574 | D:2      | Reached skill level 4 in Axes
  1574 | D:2      | Reached XP level 3. HP: 22/33 MP: 3/3
  1574 | D:2      | Reached XP level 4. HP: 27/40 MP: 4/4
  2175 | D:3      | Found a transporter.
  2176 | D:3      | Found a transporter.
  2176 | D:3      | Noticed an ogre
  2177 | D:3      | Noticed an ogre
  2177 | D:3      | Noticed shummie's ghost (amateur GrFi)
  2180 | D:3      | Identified the +2 great mace "Lewaa" {protect, rC+ Dex+2}
  2180 | D:3      | Noticed an ogre
  2223 | D:3      | Found Qobusaf's Jewellery Shop.
  2272 | D:3      | Reached ** piety under Trog
  2353 | D:3      | Reached XP level 5. HP: 37/47 MP: 5/5
  3332 | D:4      | Noticed a black bear
  3336 | D:4      | Killed a black bear
  3337 | D:4      | Reached skill level 5 in Axes
  3337 | D:4      | Reached skill level 1 in Stealth
  3337 | D:4      | Reached XP level 6. HP: 50/53 MP: 6/6
  3474 | D:4      | Noticed Purgy
  3482 | D:4      | Reached skill level 5 in Fighting
  3612 | D:4      | Killed Purgy
  3613 | D:4      | Reached skill level 6 in Axes
  3613 | D:4      | Your scales start taking on a pale cyan-grey colour.
  3613 | D:4      | Reached XP level 7. HP: 61/61 MP: 7/7
  3613 | D:4      | Gained mutation: You are immune to the effects of steam.
                  | [Pale Draconian growth]
  4182 | D:4      | Noticed Eustachio
  4196 | D:4      | Killed Eustachio
  4197 | D:4      | Reached skill level 7 in Axes
  4485 | D:4      | Found a runed translucent door.
  4486 | D:4      | Noticed Crazy Yiuf
  4544 | D:4      | Killed Crazy Yiuf
  4583 | D:5      | Entered Level 5 of the Dungeon
  4709 | D:5      | Noticed a hornet
  4717 | D:5      | Killed a hornet
  4718 | D:5      | Reached XP level 8. HP: 70/70 MP: 8/8
  4825 | D:5      | Found a transporter.
  5010 | D:5      | Reached skill level 8 in Axes
  5495 | D:5      | Found a transporter.
  5502 | D:5      | Identified the +10 trident "Hemaj" {elec, *Noise rF+ Int+2}
  5505 | D:5      | Noticed avis's ghost (novice DrTm)
  5804 | D:6      | Identified a scroll of acquirement
  5805 | D:6      | Acquired the amulet of Iqycvargh {rF+ Regen+ Int+4}
  5840 | D:6      | Reached skill level 5 in Dodging
  5855 | D:6      | Reached *** piety under Trog
  5870 | D:6      | Found an ancient bone altar of Kikubaaqudgha.
  5926 | D:6      | Reached skill level 9 in Axes
  5926 | D:6      | Reached XP level 9. HP: 76/78 MP: 9/9
  6051 | D:6      | Found Ydegguimp's Distillery.
  6155 | D:6      | Noticed Grinder
  6170 | D:6      | Killed Grinder
  6308 | D:6      | Found Bibiuz's Antique Weapon Shoppe.
  6632 | D:6      | Noticed Blork the orc
  6641 | D:6      | Killed Blork the orc
  6642 | D:6      | Reached skill level 10 in Axes
  7056 | D:7      | Found the +9 staff of Olgreb {rPois∞}
  7314 | D:7      | Found a sacrificial altar of Ru.
  7321 | D:7      | Found a sparkling altar of Nemelex Xobeh.
  7321 | D:7      | Found a radiant altar of Vehumet.
  7326 | D:7      | Found a broken altar of Ashenzari.
  7327 | D:7      | Found a shadowy altar of Dithmenos.
  7328 | D:7      | Found a glowing silver altar of Zin.
  7524 | D:7      | Found a staircase to the Ecumenical Temple.
  7723 | D:8      | Reached **** piety under Trog
  7788 | D:8      | Reached XP level 10. HP: 88/88 MP: 10/10
  8023 | D:8      | Found a hazy altar of Hepliaklqana.
  8524 | D:9      | Reached skill level 11 in Axes
  8548 | D:9      | Noticed a two-headed ogre
  8568 | D:9      | Killed a two-headed ogre
  8569 | D:9      | Reached skill level 5 in Stealth
  8582 | D:10     | Entered Level 10 of the Dungeon
  8687 | D:9      | Found a staircase to the Orcish Mines.
  9022 | D:9      | Noticed Harold
  9034 | D:9      | Killed Harold
  9040 | D:9      | Found a runed translucent door.
  9041 | D:9      | Noticed freelancePsychic's ghost (novice DjWz)
  9055 | D:9      | Reached skill level 12 in Axes
  9301 | D:9      | Killed freelancePsychic's ghost
  9737 | D:10     | Reached XP level 11. HP: 95/95 MP: 11/11
  9801 | D:10     | Noticed Erolcha
  9810 | D:10     | Cast into level 2 of the Abyss (Erolcha)
  9941 | Abyss:2  | Noticed a tentacled starspawn
  9948 | Abyss:2  | Killed a tentacled starspawn
  9986 | Abyss:2  | Noticed a large abomination
  9996 | Abyss:2  | Killed a large abomination
 10152 | Abyss:2  | Noticed a thrashing horror
 10207 | Abyss:2  | Noticed a thrashing horror
 10258 | Abyss:2  | Noticed a large abomination
 10266 | Abyss:2  | Noticed a bone dragon
 10267 | Abyss:2  | Noticed a tentacled starspawn
 10270 | Abyss:2  | Noticed a thrashing horror
 10326 | Abyss:3  | Noticed a tentacled starspawn
 10350 | Abyss:3  | Noticed a starcursed mass
 10351 | Abyss:3  | Killed a tentacled starspawn
 10352 | Abyss:3  | Reached skill level 13 in Axes
 10495 | Abyss:3  | Noticed a bone dragon
 10510 | Abyss:3  | Found a corrupted altar of Lugonu.
 10511 | Abyss:3  | Noticed a large abomination
 10528 | Abyss:3  | Noticed an ancient lich
 10533 | Abyss:3  | Noticed a thrashing horror
 10537 | Abyss:3  | Noticed a tentacled starspawn
 10539 | Abyss:3  | Noticed a thrashing horror
 10587 | Abyss:3  | Noticed a tentacled starspawn
 10590 | Abyss:3  | Killed a tentacled starspawn
 10591 | Abyss:3  | Reached skill level 1 in Evocations
 10599 | Abyss:3  | Reached skill level 10 in Fighting
 10601 | Abyss:3  | Killed a tentacled starspawn
 10602 | Abyss:3  | Reached XP level 12. HP: 46/106 MP: 12/12
 10616 | D:10     | Escaped the Abyss
 10618 | D:10     | Found a staircase to the Lair.
 10890 | D:10     | Noticed a two-headed ogre
 10901 | D:10     | Killed a two-headed ogre
 11362 | D:11     | Reached skill level 14 in Axes
 11905 | D:11     | Found a shimmering altar of Xom.
 11905 | D:11     | Found a shimmering altar of Xom.
 11946 | D:11     | Noticed Urug
 11967 | D:11     | Killed Urug
 12123 | D:12     | Noticed a two-headed ogre
 12132 | D:12     | Killed a two-headed ogre
 12573 | D:12     | Reached ***** piety under Trog
 12878 | D:12     | Noticed a two-headed ogre
 12942 | D:12     | Noticed a two-headed ogre
 12945 | D:12     | Killed a two-headed ogre
 12946 | D:12     | Reached skill level 15 in Axes
 13168 | Lair:1   | Entered Level 1 of the Lair of Beasts
 13197 | Lair:1   | Noticed an eight-headed hydra
 13209 | Lair:1   | Killed a 13-headed hydra
 13260 | Lair:1   | Reached XP level 13. HP: 68/116 MP: 13/13
 13519 | Lair:1   | Identified the +6 executioner's axe "Saiduid" {antimagic,
                  | rElec rN+ Int-4} (Trog gifted it to you on level 1 of the
                  | Lair of Beasts)
 13519 | Lair:1   | Received a gift from Trog
 14743 | Lair:3   | Found a staircase to the Swamp.
 14751 | Lair:3   | Reached skill level 16 in Axes
 14824 | Lair:3   | Found a staircase to the Snake Pit.
 15031 | Lair:3   | Received a gift from Trog
 16330 | Lair:4   | Reached skill level 17 in Axes
 16494 | Lair:5   | Reached skill level 10 in Dodging
 16495 | Lair:5   | Reached XP level 14. HP: 117/127 MP: 14/14
 16831 | Lair:5   | Found a runed translucent gate.
 16844 | Lair:5   | Found a runed translucent gate.
 16844 | Lair:5   | Found a runed translucent gate.
 17298 | Lair:5   | Noticed Serogusm's ghost (journeyman CeAM)
 17410 | Lair:5   | Killed Serogusm's ghost
 17414 | Lair:5   | Identified the ring of Joank {Fire *Slow rN++}
 17457 | Lair:6   | Entered Level 6 of the Lair of Beasts
 17677 | Lair:6   | Reached skill level 18 in Axes
 17895 | Lair:6   | Found a staircase to the Slime Pits.
 18647 | Lair:6   | Reached ****** piety under Trog
 18888 | Lair:6   | Reached XP level 15. HP: 128/137 MP: 15/15
 19150 | Orc:1    | Entered Level 1 of the Orcish Mines
 19227 | Orc:1    | Noticed Gastronok
 19238 | Orc:1    | Killed Gastronok
 19363 | Orc:1    | Received a gift from Trog
 19469 | Orc:2    | Entered Level 2 of the Orcish Mines
 19479 | Orc:2    | Found Rug Liogaup's Book Shop.
 19723 | Orc:2    | Acquired a +0 pair of gloves of stealth
 19780 | Orc:2    | Found a transporter.
 19785 | Orc:2    | Noticed Voleoc's ghost (journeyman GrFi)
 19799 | Orc:2    | Found a transporter.
 19842 | Orc:2    | Reached skill level 19 in Axes
 19919 | Orc:2    | Found a staircase to the Elven Halls.
 20170 | Orc:2    | Found Tamaloag's General Store.
 20170 | Orc:2    | Found Mieloino's Weapon Emporium.
 20178 | Orc:2    | Found Nusute's Weapon Emporium.
 20178 | Orc:2    | Found Aruurr's Book Boutique.
 20203 | Orc:2    | Bought a potion of cancellation for 128 gold pieces
 20203 | Orc:2    | Bought the ring "Xebbiq" {rPois rC+ Str+3} for 644 gold
                  | pieces
 20601 | Orc:1    | Noticed Jorgrun
 20609 | Orc:1    | Killed Jorgrun
 20881 | Orc:2    | Received a gift from Trog
 20886 | Orc:2    | Killed Voleoc's ghost
 20889 | Orc:2    | Identified the ring "Beawnurgh" {Wiz Fly Str+4 Dex+2}
 20891 | Orc:2    | Identified the amulet of Nodweseu {+Inv rElec rPois Regen+
                  | MP-9}
 21171 | D:13     | Found a gate to the Vaults.
 21242 | D:13     | Noticed Rupert
 21544 | D:13     | Killed Rupert
 22234 | D:14     | Noticed Josephine
 22247 | D:14     | Killed Josephine
 22435 | D:14     | Reached skill level 20 in Axes
 22457 | D:14     | Reached skill level 15 in Fighting
 22557 | D:14     | Received a gift from Trog
 22593 | D:14     | Reached XP level 16. HP: 146/149 MP: 2/16
 22610 | D:14     | Found the +3 warlock's mirror {reflect}
 22797 | D:14     | Cast into level 3 of the Abyss (a wizard)
 22886 | Abyss:3  | Found an ornate altar of the Wu Jian Council.
 22896 | Abyss:3  | Killed by an exploding unseen horror... ignited by their
                  | inner flame

Illustrated notes

Levels and vault maps discovered:
D:1:      wander_arrival_peaceful_grave, layout_basic,
          dilly_ecumenical_altar_fadedgnrine, minmay_pentomino_z2
D:2:      layout_loops_corners, serial_shops, shop_coins
D:3:      layout_loops_ring, serial_shops, nicolae_diamond_shop,
          gammafunk_ghost_smash, minmay_crystal_room, corner_web_ring,
          chequers_jeans, roderic_serpentine_path, lexackson_kobold_supper
D:4:      layout_rooms, uniq_purgy, uniq_crazy_yiuf_cottage, uniq_eustachio
D:5:      layout_loops_ring, gammafunk_ghost_gnarly_gnolls
D:6:      layout_loops_ring, lemuel_mausoleum_altar_kikubaaqudgha,
          nicolae_stop_n_shop_1, nicolae_take_the_stairs, uniq_blork_the_orc,
          uniq_grinder
D:7:      layout_basic, minitemple, minmay_temple_entry_enclosed_plants
D:8:      layout_cave_pods, lemuel_doored_altar
D:9:      layout_roguey, erik_orc_3, ebering_ghost_reflecting_pool, uniq_harold
D:10:     layout_stronghold, lair_entry_dummy, minmay_gold_behind_fungi,
          uniq_erolcha
D:11:     layout_basic, xom_shifter_show, uniq_urug
D:12:     layout_gridville
D:13:     layout_big_octagon, lightli_vaults_fourway_checkpoint,
          evilmike_minifort, uniq_rupert
D:14:     minmay_smoke_and_mirrors, layout_irregular_city, serial_bayou_pond_d,
          uniq_josephine
Lair:1:   layout_gridlike, grunt_megastairs_4
Lair:2:   layout_gridlike
Lair:3:   minmay_lair_venomous_thicket, layout_big_grid,
          minmay_swamp_entry_reptiles, minmay_snake_entry_guardpost_small
Lair:4:   layout_layer_cave
Lair:5:   layout_regular_city, gammafunk_ghost_icy, beast_lair_carwin_7
Lair:6:   due_jungle_book, layout_regular_city, minmay_slime_entry_oklob_open
Orc:1:    layout_caves, uniq_gastronok, uniq_jorgrun
Orc:2:    grunt_orc_tribal_feast, layout_diamond_mine, basic_altar,
          serial_shops, nicolae_shop_behind_doors,
          gammafunk_ghost_berserking_beasts
Abyss:3:  base: D:4, hangedman_eye_storm, abyss_greek_temple, base: D:12,
          hangedman_grunt_abyss_rune_horror_hoard,
          guppyfry_abyss_exit_imp_island,
          hangedman_grunt_abyss_rune_horror_hoard

Skill      XL: |  1  2  3  4  5  6  7  8  9 10 11 12 13 14 15 16 |
---------------+-------------------------------------------------+-----
Fighting       | 4 5 6 7 8 10 11 12 13 15 | 15.1
Axes           | 4 5 6 7 9 10 12 13 15 17 18 20 | 20.3
Dodging        | 3 4 5 6 8 9 10 11 | 11.1
Stealth        | 1 2 3 4 5 6 7 8 |  8.1
Evocations     | 1 |  1.3

Action                   |  1- 3 |  4- 6 |  7- 9 | 10-12 | 13-15 | 16-18 || total
-------------------------+-------+-------+-------+-------+-------+-------++-------
Melee: Hand axe          |    36 |    19 |       |       |       |       ||    55
       Tailslap          |     1 |    17 |    49 |    75 |   124 |     8 ||   274
       War axe           |       |   105 |   327 |   494 |    19 |       ||   945
       Executioner's axe |       |       |       |       |   798 |    50 ||   848
Invok: Berserk           |     1 |     1 |     5 |    15 |    22 |     1 ||    45
       Trog's Hand       |       |       |       |     4 |     2 |     1 ||     7
       Brothers in Arms  |       |       |       |     3 |     3 |     1 ||     7
 Abil: Breathe Steam     |       |       |     1 |       |       |       ||     1
Evoke: Wand              |       |       |       |     6 |       |       ||     6
       Phantom mirror    |       |       |       |     1 |       |       ||     1
  Use: Scroll            |     3 |     1 |     3 |     2 |     9 |     3 ||    21
       Potion            |       |     3 |     2 |     6 |     1 |       ||    12
 Stab: Sleeping          |       |     1 |    16 |    11 |    19 |     4 ||    51
       Invisible         |       |     1 |       |       |       |       ||     1
       Distracted        |       |       |     1 |       |     1 |       ||     2
Armor: Skin              |     9 |    60 |   126 |   122 |   228 |    26 ||   571
Dodge: Dodged            |    19 |    99 |   185 |   492 |   992 |    39 ||  1826
